AoeStats
← SpeedyVroomster

Golden Pit

510219804Analyzed
1v1 RM · 1d ago on Sep 30, 2026· 42m 36s· 2 players
Game mode
Random Map
Map size
Tiny (2 player)
Population
200
Speed
Normal
Resources
Standard
Victory
Conquest
Starting age
Dark Age
Ending age
Imperial Age
RankedLock teamsTeams togetherTeam positionsShared explorationLock speedFull tech treeHidden civsTurbo modeCheats
Victory
Defeat
🇺🇸 Burgundians · United States
575
+19
🇺🇾 Saracens · Uruguay
630
-19
dr selalastra
5:45 Loom
10:52 Feudal Age
17:26 Castle Age
15:57 Horse Collar
20:04 Fletching
26:54 Bodkin Arrow
29:12 Wheelbarrow
32:09 Double-Bit Axe
36:10 Imperial Age
35:08 Gold Mining
40:39 Bracer
SpeedyVroomster
2:17 Loom
11:26 Feudal Age
12:20 Horse Collar
12:32 Double-Bit Axe
18:30 Scale Barding Armor
18:45 Forging
22:27 Castle Age
22:43 Heavy Plow
23:03 Scale Mail Armor
24:00 Husbandry
24:49 Cavalier
29:22 Chain Barding Armor
30:41 Murder Holes
34:04 Burgundian Vineyards
36:11 Wheelbarrow
39:31 Iron Casting
Connection lost

Rejoining the realm…

Still unreachable

The connection could not be restored.

Session expired

The server has moved on; the page needs a fresh start.